 Dungeon Crawl Stone Soup version 0.19.5 (webtiles) character file.

107 JeffiDaFish the Gusty (level 4, -1/33 HPs)
             Began as a Demonspawn Wanderer on Oct 24, 2017.
             Slain by an adder (2 damage)
             ... on level 3 of the Dungeon.
             The game lasted 00:09:23 (3336 turns).

JeffiDaFish the Gusty (Demonspawn Wanderer)         Turns: 3336, Time: 00:09:23

Health: -1/33      AC: 10    Str: 11 (12) XL:     4   Next: 57%
Magic:  15/15      EV:  8    Int: 13 (14) God:
Gold:   153        SH:  7    Dex: 13      Spells: 1 memorised, 5 levels left

rFire  . . .     SeeInvis +     d - +1 hand axe
rCold  . . .     Gourm    .     a - +2 scale mail
rNeg   . . .     Faith    .     n - +0 buckler
rPois  .         Spirit   .     s - +0 helmet
rElec  .         Reflect  .     (no cloak)
rCorr  .         Harm     .     (no gloves)
MR     .....                    (no boots)
Stlth  ..........               (no amulet)
                                p - ring of magical power
                                h - ring of see invisible

@: no status effects
A: claws 1, large bone plates 1, shaggy fur 1
a: no special abilities


You were on level 3 of the Dungeon.
You were not hungry.

You visited 1 branch of the dungeon, and saw 3 of its levels.

You collected 153 gold pieces.

Inventory:

Hand Weapons
 d - a +1 hand axe (weapon)
Armour
 a - a +2 scale mail (worn)
 n - a +0 buckler (worn)
 s - a +0 helmet (worn)
Jewellery
 h - a ring of see invisible (left claw)
 o - an uncursed ring of resist corrosion
 p - a ring of magical power (right claw)
Wands
 e - a wand of teleportation (5/9)
Scrolls
 j - a scroll of identify
 q - 2 scrolls of amnesia
 r - a scroll of remove curse
Potions
 l - a potion of magic
Books
 b - Cicieh's Disquisition on Transmigration

   Spells                             Type                      Level
   a - Beastly Appendage              Transmutation                1
   b - Ignite Poison                  Fire/Transmutation/Poison    3
 c - the Almanac of Flight

   Spells                             Type                      Level
   a - Shock                          Conjuration/Air              1
   b - Mephitic Cloud                 Conjuration/Poison/Air       3
Comestibles
 f - 2 bread rations
 g - a royal jelly
 k - 2 meat rations


   Skills:
 - Level 1.8 Fighting
   Level 0.0 Short Blades
 + Level 1.0(1.2) Axes
   Level 1.0(1.2) Maces & Flails
 - Level 1.2 Throwing
 + Level 1.3 Armour
 - Level 0.5 Dodging
 - Level 1.1 Stealth
 * Level 0.6 Shields
 + Level 1.9 Spellcasting
 + Level 1.2 Conjurations
   Level 1.7 Charms
   Level 0.3 Transmutations
 + Level 2.2 Air Magic


You had 5 spell levels left.
You knew the following spells:

 Your Spells              Type           Power        Failure   Level  Hunger
a - Shock                 Conj/Air       #...         95%         1    ##.....


Dungeon Overview and Level Annotations

Branches:
Dungeon (3/15)

Altars:
Ashenzari
Hepliaklqana
Qazlal
Xom


Innate Abilities, Weirdness & Mutations

You have sharp fingernails.
You are partially covered in large bone plates. (SH +4)
You are covered in fur. (AC +1)


Message History

The kobold hits you but does no damage.
There is a stone staircase leading up, spattered with blood here.
You block the adder's attack. The kobold barely misses you.
The hobgoblin hits you but does no damage.
The quokka twitches its whiskers.
You block the adder's attack.
You see here a club.
The adder bites you.
* * * LOW HITPOINT WARNING * * *
Okay, then.
You hit the adder.
The adder is heavily wounded.
The adder bites you but does no damage. You block the adder's attack.
Your shield and scale mail prevent you from hitting the adder.
The adder is heavily wounded.
The adder closely misses you.
You hit the adder but do no damage.
The adder is heavily wounded.
The adder bites you but does no damage. The adder bites you.
You die...

.########.##........#............
.#......S.##........#...#########
..s...S.####........#.#.## #...##
...r................#)#..# #...##
....................#.##.###.....
##.............oOr..#.#..........
##.............Kg####.##.##....##
##..........####S# #.##.##......
##.............#@# #.##..#....##
###.........##.#.# #.#....<.....
(..........[##.#.####.#..........
......###.............#.........)
......# #.............#..........
......###.............#..........
......#.....................#....
...........#######.....####..####
...........# #............# #


You could see an ogre, an adder, an orc, a quokka, a hobgoblin and a kobold.

Vanquished Creatures
  4 adders
  2 dart slugs
  2 worms
  3 orcs (D:3)
  2 giant cockroaches
  5 goblins
  9 hobgoblins
  A jackal (D:3)
  11 kobolds
  4 quokkas
  4 bats
  4 frilled lizards
  7 rats
58 creatures vanquished.

Notes
Turn   | Place    | Note
-------+----------+-------------------------------------------
     0 | D:1      | JeffiDaFish the Demonspawn Wanderer began the quest for the Orb.
     0 | D:1      | JeffiDaFish set off with: a +2 scale mail, Cicieh's Disquisition on Transmigration, the Almanac of Flight, a +0 club, a bread ration
     0 | D:1      | Reached XP level 1. HP: 15/15 MP: 2/2
   394 | D:1      | Identified Cicieh's Disquisition on Transmigration
   394 | D:1      | Identified the Almanac of Flight
   396 | D:1      | Learned a level 1 spell: Shock
   408 | D:1      | Learned a level 1 spell: Beastly Appendage
   423 | D:1      | Gained mutation: You are partially covered in large bone plates. (SH +4) [demonic ancestry]
   423 | D:1      | Reached XP level 2. HP: 17/21 MP: 3/3
   923 | D:1      | Reached skill level 2 in Air Magic
  1533 | D:2      | Found a stormy altar of Qazlal.
  1598 | D:2      | Gained mutation: You have sharp fingernails. [demonic ancestry]
  1598 | D:2      | Reached XP level 3. HP: 27/27 MP: 4/4
  2017 | D:2      | Gained mutation: You are covered in fur. (AC +1) [potion of beneficial mutation]
  2036 | D:2      | Found a faded altar of an unknown god.
  2107 | D:2      | Found a shimmering altar of Xom.
  2108 | D:2      | Found a hazy altar of Hepliaklqana.
  2108 | D:2      | Noticed a hell beast
  2112 | D:2      | Noticed a spectral ugly thing
  2112 | D:2      | Noticed a hell beast
  2296 | D:3      | Reached XP level 4. HP: 33/33 MP: 6/6
  2488 | D:3      | Found a shattered altar of Ashenzari.
  2665 | D:3      | Reached skill level 1 in Conjurations
  3065 | D:3      | Reached skill level 1 in Axes
  3105 | D:3      | Noticed an ogre
  3332 | D:3      | HP: 1/33 [adder (3)]
  3336 | D:3      | Slain by an adder

Skill      XL: |  1  2  3  4 |
---------------+-------------+-----
Air Magic      | 2 |  2.2
Conjurations   | 1 |  1.2
Axes           | 1 |  1.0
Fighting       | |  1.8
Maces & Flails | |  1.0
Throwing       | |  1.2
Armour         | |  1.3
Dodging        | |  0.5
Stealth        | |  1.1
Shields        | |  0.6
Spellcasting   | |  1.9
Charms         | |  1.7
Transmutations | |  0.3

Action                   |  1- 3 |  4- 6 || total
-------------------------+-------+-------++-------
Melee: Club              |    52 |       ||    52
       Dagger            |   135 |       ||   135
       Hand axe          |    69 |    95 ||   164
  Use: Potion            |     5 |     3 ||     8
       Scroll            |     5 |     4 ||     9
  Eat: Chunk             |     5 |     3 ||     8
Armor: Scale mail        |   123 |    50 ||   173
Dodge: Dodged            |   107 |    38 ||   145
Block: Other             |    48 |       ||    48
       Buckler           |     3 |    54 ||    57
